 Dungeon Crawl Stone Soup version 0.20-a0-800-g4a616ed (webtiles) character file.

84 Brand the Vexing (level 4, 0/21 HPs)
             Began as a Spriggan Enchanter on Mar 2, 2017.
             Slain by flinch's ghost (12 damage)
             ... on level 3 of the Dungeon.
             The game lasted 00:07:49 (3424 turns).

Brand the Vexing (Spriggan Enchanter)               Turns: 3424, Time: 00:07:50

Health: 0/21       AC:  2    Str:  4    XL:     4   Next: 24%
Magic:  11/11      EV: 17    Int: 17    God:
Gold:   99         SH:  0    Dex: 18    Spells: 3/12 levels left

rFire    . . .     SeeInvis +   a - +1 dagger
rCold    . . .     Gourm    .   b - +0 robe
rNeg     . . .     Faith    .   (shield restricted)
rPois    .         Spirit   .   (helmet restricted)
rElec    .         Reflect  .   (no cloak)
rCorr    .         Harm     .   (gloves unavailable)
MR       .....     Rnd*Rage +   (boots unavailable)
Stlth    +++.......             (no amulet)
Regen    0.1/turn               (no ring)
MPRegen  0.2/turn               (no ring)

@: heavily drained, very quick
A: unfitting armour, thin skeletal structure 1, see invisible, berserk 1,
herbivore 3, speed 3, slow metabolism 2
a: no special abilities


You were on level 3 of the Dungeon.
You were full.

You visited 1 branch of the dungeon, and saw 3 of its levels.

You collected 99 gold pieces.

Inventory:

Hand Weapons
 a - a +1 dagger (weapon)
Armour
 b - a +0 robe (worn)
Scrolls
 g - 2 scrolls of magic mapping {unknown}
 h - 4 scrolls of teleportation {unknown}
 i - 2 scrolls of identify {unknown}
 j - a scroll of fear {unknown}
 m - a scroll of enchant weapon {unknown}
Potions
 o - a potion of resistance
 p - a potion of haste
Books
 c - a book of Maledictions

   Spells                             Type                      Level
   a - Corona                         Hexes                        1
   b - Ensorcelled Hibernation        Hexes/Ice                    2
   c - Confuse                        Hexes                        3
   d - Tukima's Dance                 Hexes                        3
   e - Dazzling Spray                 Conjuration/Hexes            3


   Skills:
 - Level 1.1(0.0) Short Blades
 - Level 3.0(1.5) Dodging
 - Level 4.4(2.8) Stealth
 + Level 4.6(3.0) Spellcasting
 + Level 4.8(3.2) Hexes


You had 3 spell levels left.
You knew the following spells:

 Your Spells              Type           Power        Failure   Level  Hunger
a - Ensorcelled Hibernat  Hex/Ice        #.....       17%         2    ##.....
b - Corona                Hex            ##.....      4%          1    None
c - Confuse               Hex            ##......     14%         3    ###....
d - Tukima's Dance        Hex            ##......     14%         3    ###....


Dungeon Overview and Level Annotations

Branches:
Dungeon (3/15)

Altars:
Ru
Wu Jian

Annotations:
D:3 Sigmund; flinch's ghost, amateur FoFi


Innate Abilities, Weirdness & Mutations

You are very small and have problems with some larger weapons.
You are too small for most types of armour.
You have supernaturally acute eyesight. (SInv)
You are a herbivore.
You cover ground extremely quickly.
You need consume almost no food.
You have a somewhat thin skeletal structure. (Dex +2, Stealth)
You tend to lose your temper in combat.


Message History

You kill the jackal!
You see here a jackal corpse.
You see here a jackal skeleton.
There is a stone staircase leading down here.
You start resting.
Your magical contamination has completely faded away.
You start resting.
HP restored.
You start resting.
Magic restored.
There is a stone staircase leading down here.
You climb downwards.
Level annotation: Sigmund; flinch's ghost, amateur FoFi The jackal barely misses you.
Flinch's ghost misses you. The jackal bites you. Flinch's ghost hits you!
There is a stone staircase leading up, spattered with blood here.
The jackal bites you but does no damage.
Flinch's ghost hits you!
Ouch! That really hurt!
You die...

#. .. #.# .
##.##. ..##.
####.....##.##..
...W....##..##.#
. .....##....#
#.# #..
#.......###.#
....
#####....##.#
...#
#.#...W.#[.###.
#..##..†@h......
#.###..###.#....
#. #..# .# ## #.
#..# # .. ...# #
#..## ..## .##
#. .


You could see flinch's ghost and a jackal.

Vanquished Creatures
  2 adders (D:2)
  A worm (D:2)
  2 dart slugs (D:1)
  2 leopard geckos
  5 bats
  A giant cockroach (D:1)
  4 goblins
  10 hobgoblins
  9 jackals (D:2)
  A quokka (D:2)
  2 ball pythons
  6 frilled lizards
  4 kobolds
  4 rats
53 creatures vanquished.

Notes
Turn   | Place    | Note
-------+----------+-------------------------------------------
     0 | D:1      | Brand the Spriggan Enchanter began the quest for the Orb.
     0 | D:1      | Reached XP level 1. HP: 9/9 MP: 5/5
   278 | D:1      | Reached XP level 2. HP: 8/13 MP: 2/7
   282 | D:1      | Learned a level 2 spell: Ensorcelled Hibernation
  1266 | D:1      | Reached XP level 3. HP: 16/16 MP: 7/9
  1271 | D:1      | Learned a level 3 spell: Confuse
  1275 | D:1      | Learned a level 3 spell: Tukima's Dance
  1482 | D:2      | Found a sacrificial altar of Ru.
  1812 | D:2      | Found an ornate altar of the Wu Jian Council.
  2396 | D:2      | Reached XP level 4. HP: 6/21 MP: 2/11
  2962 | D:3      | Noticed Sigmund
  2968 | D:3      | Gained mutation: You tend to lose your temper in combat. [potion of mutation]
  2968 | D:3      | Gained mutation: You have a somewhat thin skeletal structure. (Dex +2, Stealth) [potion of mutation]
  3105 | D:3      | Noticed flinch's ghost (amateur FoFi)
  3310 | D:3      | Noticed a bullfrog
  3424 | D:3      | Slain by flinch's ghost

Vault maps used:
D:1:      dpeg_arrival_arbitrary_a
D:2:      overflow_temple_1_default, nicolae_overflow_hidden_temple
D:3:      nemelex_altar_shiori, first_bread, uniq_sigmund

Skill      XL: |  1  2 |
---------------+-------+-----
Spellcasting   | 3 4 |  4.6
Hexes          | 4 |  4.8
Short Blades   | |  1.1
Dodging        | |  3.0
Stealth        | |  4.4

Action                   |  1- 3 |  4- 6 || total
-------------------------+-------+-------++-------
Melee: Dagger            |   113 |    44 ||   157
 Cast: Corona            |    10 |     1 ||    11
       Ensorcelled Hiber |    30 |    12 ||    42
       Confuse           |     2 |     2 ||     4
  Use: Potion            |     2 |     4 ||     6
 Stab: Sleeping          |    22 |     8 ||    30
       Confused          |     3 |       ||     3
  Eat: Bread ration      |       |     1 ||     1
       Fruit             |       |     1 ||     1
Armor: Robe              |    12 |     7 ||    19
Dodge: Dodged            |    94 |    50 ||   144
